Raisse, chaotic female orcish Wizard -.- .---[..---...---- ...)....).......| ...------------.-- .--- ..- |*..| ..--...| ... ---%- .<.....--- ..- |II -........| ..- --....--.--- -... |...|-- ..... ---.|.--..... |......... ---.|..... Raisse the Conjurer Experience level: 4 Strength: 9 Dexterity: 13 Constitution: 18 Intelligence: 16 Wisdom: 9 Charisma: 13 Health: 0(30) Energy: 17(37) Def: 6 Gold: 387 Moves: 1276 Dungeon seed: a7EYzfW4BoNMFwN4 Game ID: Raisse_1527843832 Your Inventory: Coins $ - 387 gold pieces Weapons a - a blessed +1 quarterstaff (weapon in hands) Armor A - a blessed +3 leather armor (being worn) C - an uncursed +0 cloak of magic resistance (being worn) Comestibles u - an uncursed eucalyptus leaf Scrolls i - an uncursed scroll of identify j - an uncursed scroll of teleportation k - 2 uncursed scrolls of enchant armor s - a cursed scroll of amnesia x - an uncursed scroll of enchant weapon Spellbooks l - a blessed spellbook of force bolt m - an uncursed spellbook of stone to flesh Potions f - an uncursed potion of fruit juice g - an uncursed potion of gain ability h - a blessed potion of invisibility o - an uncursed potion of hallucination w - a cursed potion of restore ability Rings c - an uncursed ring of polymorph control d - a blessed +2 ring of gain strength Wands b - an uncursed wand of create monster (0:12) Tools t - an uncursed tin whistle y - an uncursed +0 pick-axe B - an uncursed wax candle (0:400) Spells and supernatural/magical abilities: Name Level Category Fail Memory a - force bolt 1 attack 0% 94% s - slow monster 2 enchantment 0% 95% S - stone to flesh 3 healing 99% 94% W - pray for help -- divine ? -- Your skills at the end: Fighting Skills Weapon Skills quarterstaff [Basic] Spellcasting Skills attack spells [Basic] enchantment spells [Basic] Final Attributes: You were piously aligned. You were poison resistant. You were magic-protected. You had infravision. You are dead. Vanquished creatures: a gnome lord a dwarf a centipede an acid blob a hobbit 6 gnomes a gnome zombie a gecko a jackal 2 foxes 3 grid bugs a bat 4 lichens a kobold zombie 3 newts 28 creatures vanquished. Voluntary challenges: You were an atheist. You used a wielded weapon 22 times, starting on turn 9. You read items or engraved 2 times, starting on turn 86. You never genocided any monsters. You never polymorphed an object. You never changed form. You used no wishes. You never split a pudding. You never wrote Elbereth's name. You never violated your personal moral code. Dungeon overview: The Dungeons of Doom: levels 1 to 4 Level 1 a fountain a long staircase Level 2 some fountains Level 3 some fountains Level 4 stairs to The Gnomish Mines The Gnomish Mines: Level 5 <- You were here stairs to The Dungeons of Doom History has recorded: On T:1 you entered the Dungeons of Doom to retrieve the Amulet of Yendor! On T:81 you reached level 2 of The Dungeons of Doom. On T:561 you advanced to experience level 2. On T:814 you reached level 3 of The Dungeons of Doom. On T:1055 you reached level 4 of The Dungeons of Doom. On T:1172 you advanced to experience level 3. On T:1188 you reached level 1 of The Gnomish Mines. On T:1255 you advanced to experience level 4. Score breakdown: Gold: 387 ( 8806 points) Experience: 4 levels ( 9649 points) Exploration: 5 levels ( 10.20%) ( 8660 points) Discoveries: 2 items ( 0.72%) ( 2553 points) Valuables value: (no points given unless you survive) Artifact value: 0 ( 0 points) Variety of kills: 15 monsters ( 3.94%) ( 5952 points) Turncount: 1276 turns ( 0 points) Survival: died (score multiplied by 80%) Total score: 28496 Latest messages: There are a few objects here. B - a candle. Never mind. You resume your meal. You finish eating the centipede corpse. You miss the gnome lord. (2x) The hobbit wields a dagger! You hit the gnome lord! You kill the gnome lord! Poes picks up a red gem. The gnome suddenly falls asleep! Poes drops a red gem. You hit the gnome. You hear crashing rock. You kill the gnome! There are a few objects here. A cloud of gas puts you to sleep! It hits! (5x) You die... Final status: Goodbye Raisse the Wizard, killed by a hobbit, while sleeping... You died in The Gnomish Mines on dungeon level 5 with 28496 points, and 387 pieces of gold, after 1276 moves. You were level 4 with a maximum of 30 hit points when you died.